 Dungeon Sprint DCSS version 0.25-a0-413-g3b4b6a4 (webtiles) character file.

Game seed: 13968167755483267303, levelgen mode: deterministic

36 Krakonus1 the Carver (level 3, 26/31 HPs)
             Began as a Minotaur Fighter on Jan 16, 2020.
             Got out of the dungeon alive.
             The game lasted 00:00:26 (48 turns).

Krakonus1 the Carver (Minotaur Fighter)               Turns: 48, Time: 00:00:26

Health: 26/31      AC:  6    Str: 20    XL:     3   Next: 19%
Magic:  2/2        EV:  7    Int:  5    God:
Gold:   0          SH:  9    Dex: 10    Spells: 2/2 levels left

rFire    . . .     SeeInvis .   a - +0 long sword
rCold    . . .     Gourm    .   c - +0 shield
rNeg     . . .     Faith    .   b - +0 scale mail
rPois    .         Spirit   .   (helmet restricted)
rElec    .         Reflect  .   (no cloak)
rCorr    .         Harm     .   (no gloves)
MR       .....     NoTele   +   (no boots)
Stlth    ..........             (no amulet)
HPRegen  0.10/turn              (no ring)
MPRegen  0.08/turn              (no ring)

@: no status effects
A: retaliatory headbutt, horns 2
a: no special abilities


You escaped.
You were not hungry.

You visited 1 branch

Inventory:

Hand Weapons
 a - a +0 long sword (weapon)
Armour
 b - a +0 scale mail (worn)
 c - a +0 shield (worn)
Scrolls
 k - a scroll of blinking
Potions
 d - a potion of might
 e - a potion of curing
 g - a potion of heal wounds
 h - a potion of haste
 i - 2 potions of magic
 j - a potion of berserk rage
Comestibles
 f - a ration
 l - 6 chunks of flesh


   Skills:
 - Level 3.6 Fighting
 * Level 8.1 Long Blades
 - Level 3.6 Armour
 - Level 3.6 Shields


You had 2 spell levels left.
You didn't know any spells.
Your spell library was empty.

Dungeon Overview and Level Annotations

Branches:
Dungeon (1/1)

Altars:


Innate Abilities, Weirdness & Mutations

You reflexively headbutt those who attack you in melee.
You have a pair of horns on your head.


Message History

The hound is moderately wounded.
You block the hound's attack. The hound bites you.
You slash the hound!
You kill the hound!
Your Long Blades skill gained 3 levels and is now at level 8!
You have reached level 2!
You have reached level 3!
Your experience leads to an increase in your attributes!
Increase (S)trength, (I)ntelligence, or (D)exterity?
You feel agile.
The quokka bites you but does no damage.
There is an open door to the Dungeon, spattered with blood here.
Items here: ( ) ÷÷ † a +0 short sword; 4 stones; a hobgoblin skeleton; a frilled lizard skeleton a kobold corpse You block the quokka's attack.
There is a staircase leading out of the dungeon here.
Are you sure you want to leave the Dungeon?
This will make you lose the game! You block the quokka's attack.
You have escaped!

▓▓▓
▓@▓
▓r▓
▓a▓
▓Z▓
▓)▓
▓Z▓
▓.▓
▓.▓
▓.▓


You could see a worker ant, a giant cockroach zombie, a quokka and an adder
skeleton.

Vanquished Creatures
  A hound (D)
  A dart slug (D)
  A hobgoblin (D)
  A kobold (D)
  A frilled lizard (D)
  A rat (D)
6 creatures vanquished.

Notes
Turn   | Place    | Note
-------+----------+-------------------------------------------
     0 | D        | Krakonus1 the Minotaur Fighter began the quest for the Orb.
     0 | D        | Reached XP level 1. HP: 19/19 MP: 0/0
     6 | D        | Reached skill level 4 in Long Blades
    14 | D        | Reached skill level 5 in Long Blades
    33 | D        | Noticed a hound
    33 | D        | Noticed a worker ant
    37 | D        | Killed a hound
    37 | D        | Reached skill level 8 in Long Blades
    37 | D        | Reached XP level 2. HP: 21/26 MP: 1/1
    37 | D        | Reached XP level 3. HP: 25/31 MP: 2/2
    48 | D        | Got out of the dungeon alive.

Levels and vault maps discovered:
D:        linesprint [early_d, line_temple, items_1, d_10, items_2, lair_1,
          lair_end, items_3, orc_1, orc_end, items_4, d_15, swamp_1, shoals_1,
          snake_1, spider_1, d_20, vaults_1, items_5, swamp_end, shoals_end,
          snake_end, spider_end, vaults_end, d_27, items_6, zot_1, zot_end,
          crypt_end, forest_end, elf_end, slime_end, tomb_end, abyss_end,
          pan_hell_end]

Skill      XL: |  1 |
---------------+----+-----
Long Blades    | 8 |  8.1
Fighting       | |  3.6
Armour         | |  3.6
Shields        | |  3.6

Action                   || total
-------------------------++-------
Melee: Long sword        ||    23
Armor: Scale mail        ||    11
Dodge: Dodged            ||     2
Block: Shield            ||    10
       Rpst.: Long sword ||     2

Table legend:
 A = Non-vault XP
 B = Vault XP
 C = Vault XP percentage of total XP
 D = Non-vault monster count
 E = Vault monster count
 F = Vault count percentage of total count
                 A         B        C        D         E       F
            +---------+---------+-------+---------+---------+-------
      Total |       0 |      52 | 100.0 |       0 |       6 | 100.0
            +---------+---------+-------+---------+---------+-------
          D |       0 |      52 | 100.0 |       0 |       6 | 100.0
            +---------+---------+-------+---------+---------+-------
